Map: Ulrena

Players

llllllllllll

  • Race: Zerg Zerg
  • League: Master

MythiC - Winner!

  • Race: Terran Terran
  • League: Master

VOD

Have the link to the VOD?

Description

Time

  • Played on: March 31, 2016, 9:15 p.m.
  • Length: 12:27
Show
View Real Time Build Order
Export as new Build Order

llllllllllll Zerg 

Build Orders: Hatch First, Ravager All-In 

Get SALT Encoding   

  12  0:01  Drone  
  13  0:13  Overlord  
  13  0:17  Drone  
  14  0:31  Drone x2  
  16  0:37  Drone  
  17  0:53  Hatchery  
  17  0:56  Drone  
  17  0:59  Drone  
  18  1:08  Extractor, Drone  
  18  1:18  Spawning Pool  
  18  1:23  Drone  
  18  1:30  Drone  
  19  1:39  Drone  
  20  1:49  Overlord  
  20  1:55  Extractor  
  19  2:05  Queen  
  19  2:07  Spine Crawler  
  19  2:08  Zergling x2  
  22  2:12  Roach Warren  
  22  2:13  Drone  
  22  2:22  Zergling x2  
  23  2:35  Drone  
  24  2:40  Queen  
  25  2:50  Drone  
  25  2:57  Roach  
  26  3:05  Roach  
  28  3:13  Overlord  
  28  3:14  Roach  
  30  3:22  Spore Crawler  
  30  3:23  Ravager  
  30  3:25  Spore Crawler  
  30  3:26  Ravager  
  30  3:28  Overlord  
  32  3:35  Roach  
  32  3:39  Roach  
  32  3:40  Roach  
  38  3:48  Roach x3  
  41  3:52  Ravager  
  42  4:01  Roach  
  44  4:04  Ravager x2  
  46  4:10  Overlord  
  46  4:28  Hatchery  
  46  4:30  Roach x2  
  49  4:43  Drone x3  
  49  5:01  Ravager x2  
  49  5:02  Ravager  
  49  5:03  Drone x2  
  49  5:05  Overlord  
  54  5:10  Overlord  
  54  5:17  Overlord  
  54  5:22  Spore Crawler  
  53  5:30  Drone  
  53  5:31  Drone x2  
  56  5:36  Drone  
  56  5:41  Ravager  
  56  5:42  Roach  
  60  5:54  Overlord  
  60  5:58  Drone x2  
  60  6:02  Lair  
  62  6:05  Drone  
  62  6:08  Drone  
  64  6:11  Drone  
  64  6:13  Drone  
  64  6:17  Drone  
  67  6:23  Drone x3  
  70  6:26  Drone  
  70  6:30  Evolution Chamber  
  70  6:34  Drone  
  70  6:35  Drone x2  
  73  6:47  Overlord  
  73  6:48  Queen  
  73  6:49  Drone  
  73  6:50  Extractor  
  73  6:51  Extractor  
  73  6:52  Overlord  
  74  6:57  Ravager  
  74  6:59  Ravager  
  73  7:02  Spire  
  73  7:04  Drone x2  
  74  7:10  Overlord  
  74  7:21  Drone x8  
  82  7:31  Overlord  
  82  7:34  Overlord  
  76  7:58  Drone x3  
  76  7:59  Drone x2  
  76  8:02  Queen  
  78  8:05  Extractor  
  78  8:06  Extractor  
  78  8:10  Overlord  
  73  8:16  Mutalisk x5  
  83  8:21  Hatchery  
  83  8:23  Overlord  
  83  8:25  Mutalisk  
  84  8:31  Queen, Overlord  
  84  8:46  Drone x3  
  87  8:55  Hatchery  
  86  8:58  Mutalisk  
  88  9:06  Extractor  
  88  9:07  Overlord  
  88  9:09  Overlord  
  87  9:11  Roach  
  87  9:15  Roach  
  87  9:16  Roach  
  93  9:21  Zerg Ground Armor Level 1  
  93  9:22  Evolution Chamber  
  92  9:28  Roach x2  
  96  9:38  Overlord  
  96  9:39  Roach x3  
  96  9:44  Roach  
  104  9:46  Roach  
  102  9:54  Roach  
  102  9:56  Glial Reconstitution  
  102  9:59  Drone  
  106  10:00  Drone x2  
  106  10:03  Overlord  
  106  10:05  Roach x3  
  106  10:06  Roach  
  115  10:13  Overlord  
  115  10:14  Roach  
  117  10:18  Roach x2  
  121  10:24  Drone  
  122  10:30  Zerg Missile Weapons Level 1  
  122  10:35  Drone x2, Spore Crawler  
  122  10:36  Drone  
  122  10:37  Roach x3  
  122  10:39  Ravager, Spore Crawler  
  130  10:43  Roach  
  132  10:50  Ravager x2  
  132  10:54  Overlord  
  134  11:01  Roach x3  
  140  11:04  Roach  
  134  11:12  Ravager x2  
  134  11:13  Zergling x16  
  134  11:14  Queen  
  134  11:17  Extractor  
  134  11:18  Extractor  
  144  11:22  Drone x3  
  144  11:23  Queen  
  149  11:29  Ravager x2  
  151  11:35  Zergling x8  
  151  11:36  Zergling x6  
  154  11:45  Roach x2  
  154  11:46  Roach x3  
  164  11:48  Zergling x2  
  158  11:59  Roach x6  
  138  12:07  Roach x4  
Show
View Real Time Build Order
Export as new Build Order

MythiC Terran - Winner!

Build Orders: Bio Tank 

Get SALT Encoding   

  12  0:00  SCV  
  13  0:13  SCV  
  14  0:19  Supply Depot  
  14  0:25  SCV  
  15  0:41  Barracks, SCV  
  16  0:55  Barracks  
  16  0:59  SCV  
  17  1:10  Refinery  
  17  1:11  SCV  
  19  1:31  Orbital Command  
  19  1:32  Marine  
  19  1:37  Bunker  
  19  1:48  Supply Depot  
  19  1:49  Marine  
  20  1:54  Marine  
  20  1:57  SCV  
  20  2:00  Refinery  
  22  2:07  Marine  
  23  2:10  SCV  
  23  2:14  Marine  
  25  2:22  SCV  
  26  2:34  SCV  
  26  2:35  Marine x2  
  26  2:36  Factory  
  29  2:46  SCV  
  30  2:53  Marine x2  
  30  3:01  SCV  
  30  3:02  Supply Depot  
  30  3:11  Marine  
  31  3:15  Supply Depot  
  31  3:21  Factory Tech Lab  
  31  3:23  Starport, Marine  
  31  3:24  SCV  
  33  3:29  Marine  
  34  3:36  SCV  
  34  3:37  Bunker  
  35  3:48  SCV  
  34  3:51  Siege Tank  
  37  4:00  SCV  
  37  4:02  Medivac  
  40  4:05  Supply Depot  
  40  4:12  SCV  
  39  4:18  Command Center  
  39  4:24  SCV  
  39  4:28  Siege Tank  
  43  4:36  SCV  
  44  4:38  Marine  
  44  4:39  Marine  
  46  4:48  SCV  
  46  4:50  Medivac  
  49  5:00  SCV  
  49  5:04  Barracks Tech Lab, Barracks Reactor  
  50  5:11  Supply Depot  
  50  5:12  Supply Depot  
  50  5:17  Siege Tank  
  50  5:19  SCV  
  54  5:30  Medivac  
  56  5:35  Orbital Command  
  56  5:36  Marine  
  56  5:40  SCV  
  58  5:43  Marine x2  
  60  5:52  SCV  
  60  5:54  Marine  
  62  6:01  Marine  
  62  6:02  Engineering Bay, Orbital Command  
  63  6:08  Engineering Bay  
  63  6:11  SCV  
  64  6:12  Marine  
  64  6:14  Starport Reactor  
  65  6:22  Stimpack  
  66  6:25  SCV  
  66  6:28  SCV  
  67  6:33  Marine  
  67  6:37  SCV  
  67  6:38  Marine x2  
  71  6:40  SCV  
  72  6:49  SCV  
  72  6:51  Marine  
  72  6:52  SCV  
  75  6:56  Marine  
  76  7:01  Medivac x2  
  76  7:02  Marine, Siege Tank, SCV  
  76  7:04  SCV  
  76  7:06  Refinery  
  86  7:09  Refinery  
  86  7:14  Bunker  
  86  7:15  Supply Depot  
  86  7:31  Supply Depot  
  86  7:33  Supply Depot, Barracks  
  86  7:36  Marine  
  86  7:37  Marine x2, Siege Tank, SCV x2  
  94  7:45  Terran Infantry Weapons Level 1  
  94  7:46  Supply Depot  
  94  7:47  Supply Depot  
  94  7:52  SCV x2, Medivac  
  94  7:54  Marine  
  96  7:59  Marine x2  
  96  8:00  Medivac  
  96  8:04  SCV x2  
  102  8:12  Marine  
  102  8:13  Barracks  
  102  8:14  Barracks, Siege Tank  
  102  8:17  SCV x2  
  108  8:22  Combat Shields  
  108  8:29  SCV x2  
  108  8:30  Liberator  
  108  8:31  Barracks Tech Lab  
  110  8:41  SCV x2  
  112  8:43  Supply Depot  
  112  8:46  Supply Depot  
  115  8:52  Supply Depot x2, Marine x2  
  115  8:53  Marine x2  
  115  8:54  SCV  
  113  9:00  Liberator  
  113  9:03  Missile Turret  
  113  9:05  Missile Turret  
  113  9:10  Marine x2  
  113  9:11  Marine  
  113  9:13  Liberator  
  113  9:15  SCV  
  113  9:16  Marine x3  
  121  9:27  Marine, Siege Tank  
  121  9:28  Marine  
  121  9:29  Marine  
  130  9:34  Supply Depot, Marine x3  
  130  9:35  Supply Depot  
  133  9:40  Terran Infantry Armor Level 1  
  132  9:45  Marine x2  
  132  9:51  Marine  
  132  9:53  Marine x2  
  132  9:54  Marine  
  132  9:56  Liberator  
  132  9:58  Command Center  
  135  10:03  Marine x2  
  135  10:04  Siege Tank, Medivac  
  142  10:11  Marine  
  142  10:14  Marine  
  146  10:23  Marine x3  
  146  10:25  Marine  
  150  10:29  Marine  
  150  10:31  Marine  
  152  10:41  Marine x2  
  154  10:43  Marine x2  
  154  10:49  Marine x2  
  158  10:52  Siege Tank  
  160  10:59  Marine x2  
  160  11:01  Marine x2  
  164  11:07  Marine x2  
  164  11:08  Medivac x2  
  170  11:17  Marine  
  171  11:25  Supply Depot x2, Siege Tank  
  174  11:26  Marine  
  174  11:27  Barracks Reactor, Armory  
  174  11:30  Marine x2  
  177  11:38  Marine  
  177  11:57  Marine x2  
  177  11:58  Marauder  
  177  12:00  Marauder, Marine  
  169  12:09  Marine  
Tags
 
Composition
Bio Tank
Matchup
TvZ
Replay Pack
Coaching pack 2
Add a new tag
Caveats
  • Supply blocks, unpowered buildings, or Contaminate may cause inaccurate times.
  • Supply counts are checked every 10 seconds.